 Dungeon Crawl Stone Soup version 0.17.2-1-ge4368a0 (webtiles) character file.

4 tidbits the Insei (level 1, 0/15 HPs)
             Began as a Demigod Transmuter on Sept 21, 2017.
             Slain by a hobgoblin
             ... wielding a +0 club
              (5 damage)
             ... on level 1 of the Dungeon.
             The game lasted 00:00:47 (120 turns).

tidbits the Insei (Demigod Transmuter)               Turns: 120, Time: 00:00:47

Health: 0/15       AC:  2    Str: 13    XL:     1   Next: 40%
Magic:  4/5        EV: 12    Int: 17    God:
Gold:   21         SH:  0    Dex: 16    Spells: 1 memorised, 2 levels left

rFire  . . .     SeeInvis .       - Unarmed
rCold  . . .     Clarity  .     b - +0 robe
rNeg   . . .     SustAt   +     (no shield)
rPois  .         Gourm    .     (no helmet)
rElec  .         Spirit   .     (no cloak)
rCorr  .         Warding  .     (no gloves)
rMut   .         Rnd*Tele +     (no boots)
MR     .....                    (no amulet)
Stlth  +.........               (no ring)
                                g - ring of teleportation (curse)

@: appendage, not resistant to hostile enchantments, very unstealthy
A: horns 2, high mp 1, sustain attributes
a: End Transformation, Evoke Teleportation


You were on level 1 of the Dungeon.
You were not hungry.
You had grown temporary horns.
You visited 1 branch of the dungeon, and saw 1 of its levels.

You collected 21 gold pieces.

Inventory:

Hand Weapons
 e - a +0 hunting sling
   (You found it on level 1 of the Dungeon)
Missiles
 a - 12 arrows
Armour
 b - a +0 robe (worn)
Jewellery
 g - a cursed ring of teleportation (left hand)
   (You found it on level 1 of the Dungeon)
Potions
 f - a potion of curing {unknown}
Books
 c - a book of Changes

   Spells                             Type                      Level
   a - Beastly Appendage              Transmutation                1
   b - Sticks to Snakes               Transmutation                2
   c - Spider Form                    Transmutation/Poison         3
   d - Ice Form                       Ice/Transmutation            4
   e - Blade Hands                    Transmutation                5
Comestibles
 d - a bread ration


   Skills:
 - Level 0.8 Fighting
 - Level 1.7 Dodging
 + Level 2.8 Unarmed Combat
 + Level 1.9 Spellcasting
 + Level 1.7 Transmutations


You had 2 spell levels left.
You knew the following spells:

 Your Spells              Type           Power        Failure   Level  Hunger
e - Beastly Appendage     Trmt           #.....       12%         1    #......


Dungeon Overview and Level Annotations

Branches:
Dungeon (1/15)


Innate Abilities, Weirdness & Mutations

You have an increased reservoir of magic (+10% MP).
Your attributes are resistant to harm.
You have a pair of horns on your head.


Message History

The giant gecko closely misses you.
You hit the giant gecko but do no damage.
You claw the giant gecko.
The giant gecko is heavily wounded.
The giant gecko hisses menacingly.
The giant gecko bites you.
You hit the giant gecko but do no damage.
The giant gecko is heavily wounded.
The giant gecko closely misses you.
You closely miss the giant gecko.
The giant gecko is heavily wounded.
The giant gecko bites you. The giant gecko misses you.
You hit the giant gecko.
The giant gecko is heavily wounded.
Your transformation is almost over.
The giant gecko bites you.
You miss the giant gecko. Your kick misses the giant gecko.
The giant gecko is heavily wounded.
The giant gecko closely misses you.
You barely miss the giant gecko.
The giant gecko is heavily wounded.
The giant gecko closely misses you.
You hit the giant gecko.
The giant gecko is almost dead.
The giant gecko bites you.
* * * LOW HITPOINT WARNING * * *
You hit the giant gecko.
You kill the giant gecko!
Wield which item (- for none, * to show all)? (? for menu, Esc to quit)
a - 12 arrows (in hand)
You swing at nothing.
Your talons disappear.
You swing at nothing.
You swing at nothing.
You swing at nothing.
You swing at nothing.
You swing at nothing.
You swing at nothing.
You swing at nothing.
You swing at nothing.
You swing at nothing.
You swing at nothing.
You swing at nothing.
You swing at nothing.
You swing at nothing.
You swing at nothing.
You swing at nothing.
You swing at nothing.
You swing at nothing.
You swing at nothing.
You swing at nothing.
You swing at nothing.
You swing at nothing.
You swing at nothing.
You swing at nothing.
You swing at nothing.
You swing at nothing.
You swing at nothing.
You swing at nothing.
You swing at nothing.
You swing at nothing.
You swing at nothing.
You swing at nothing.
Wield which item (- for none, * to show all)? (? for menu, Esc to quit)
You are now empty-handed.
You see here a giant gecko corpse.
A goblin comes into view. It is wielding a club.
You see here a hunting sling.
e - a hunting sling
Casting: Beastly Appendage
Confirm with . or Enter, or press ? or * to list all spells.
Your feet morph into talons.
The goblin shouts!
The goblin hits you with a club.
You barely miss the goblin. You claw the goblin.
The goblin is heavily wounded.
The goblin barely misses you.
You hit the goblin.
You kill the goblin!
Your transformation is almost over.
Things that are here:
a club; a goblin corpse
Found a sedimented orange potion and a runed jade ring.
Your talons disappear.
f - a sedimented orange potion
g - a runed jade ring Put on which piece of jewellery? (? for menu, Esc to quit)
You feel slightly jumpy.
Oops, that ring feels deathly cold.
g - a cursed ring of teleportation (left hand) Read which item? (? for menu, Esc to quit)
Okay, then.
Found 14 stones.
A hobgoblin comes into view. It is wielding a club.
The hobgoblin shouts!
You barely miss the hobgoblin. The hobgoblin hits you with a club.
* * * LOW HITPOINT WARNING * * *
Casting: Beastly Appendage
Confirm with . or Enter, or press ? or * to list all spells.
You grow a pair of large bovine horns.
The hobgoblin hits you with a club.
You die...

##############
.......#.....#
.#####.#.....## #
.##...........####.####
.##.##.#.....#..@g...(#
.).....#.....##.##.##.#
###.######.#####.# #
#.## ##.###.## #..#
##.#.## ####†#### ##.##
#.......# ####
#.##.##.# ... #.##.##.#
..


You could see a hobgoblin.

Vanquished Creatures
  A giant gecko (D:1)
  A kobold (D:1)
  A goblin (D:1)
3 creatures vanquished.

Notes
Turn   | Place    | Note
--------------------------------------------------------------
     0 | D:1      | tidbits the Demigod Transmuter began the quest for the Orb.
     0 | D:1      | Reached XP level 1. HP: 15/15 MP: 5/5
   120 | D:1      | Slain by a hobgoblin

Action                   || total
-------------------------++-------
Melee: Unarmed           ||    16
 Cast: Beastly Appendage ||     4

Table legend:
 A = Turns spent in this place as a percentage of turns spent in the entire game.
 B = Non-inter-level travel turns spent in this place as a percentage of non-inter-level travel turns spent in the entire game.
 C = Inter-level travel turns spent in this place as a percentage of turns spent in this place.
 D = Turns resting spent in this place as a percentage of non-inter-level travel turns spent in this place.
 E = Turns spent auto-exploring this place as a percentage of non-inter-level travel turns spent in this place.
 F = Non-inter-level travel turns spent in this place divided by the number of levels of this place that you've seen.
                   A       B       C       D       E      F
               +-------+-------+-------+-------+-------+----------------------
         Total | 100.0 | 100.0 |   0.0 |   0.0 |   0.0 | 120.0
       Dungeon | 100.0 | 100.0 |   0.0 |   0.0 |   0.0 | 120.0
               +-------+-------+-------+-------+-------+----------------------

Table legend:
 A = Kills in this place as a percentage of kills in entire the game.
 B = Kills by you in this place as a percentage of kills by you in the entire game.
 C = Kills by friends in this place as a percentage of kills by friends in the entire game.
 D = Other kills in this place as a percentage of other kills in the entire game.
 E = Experience gained in this place as a percentage of experience gained in the entire game.
 F = Experience gained in this place divided by the number of levels of this place that you have seen.
                   A       B       C       D       E      F
               +-------+-------+-------+-------+-------+----------------------
         Total | 100.0 | 100.0 |  -nan |  -nan | 100.0 |   6.0
       Dungeon | 100.0 | 100.0 |  -nan |  -nan | 100.0 |   6.0
               +-------+-------+-------+-------+-------+----------------------

Vault maps used:
D:1:      dpeg_arrival_tiny_g
